 Dungeon Crawl Stone Soup version 0.18.1-48-g4cf74bf (webtiles) character file.

270 Alarkh the Poker (level 6, -4/44 HPs)
             Began as a Mummy Skald on July 24, 2016.
             Was an Initiate of Okawaru.
             Killed from afar by an orc wizard (15 damage)
             ... with a puff of flame
             ... on level 4 of the Dungeon.
             The game lasted 00:05:56 (3898 turns).

Alarkh the Poker (Mummy Skald)                      Turns: 3898, Time: 00:05:57

Health: -4/44      AC:  3    Str: 16    XL:     6   Next: 1%
Magic:  7/9        EV: 11    Int: 13    God:    Okawaru [......]
Gold:   149        SH:  0    Dex: 11    Spells: 3 memorised, 3 levels left

rFire  x . .     SeeInvis .     a - +0 spear
rCold  + + .     Gourm    .     l - +0 leather armour {rC+}
rNeg   + + +     Faith    .     (no shield)
rPois  ∞         Spirit   .     (no helmet)
rElec  .         Dismiss  .     (no cloak)
rCorr  .         Reflect  .     (no gloves)
SustAt .         Harm     .     (no boots)
MR     .....                    (no amulet)
Stlth  +.........               (no ring)
                                (no ring)

@: infused (expiring), not resistant to hostile enchantments, very unstealthy
A: no food or potions, fire vulnerability, cold resistance 1, negative energy
resistance 3, torment resistance, unbreathing
a: Renounce Religion


You were on level 4 of the Dungeon.
You worshipped Okawaru.
Okawaru was noncommittal.
You were not hungry.

You visited 1 branch of the dungeon, and saw 6 of its levels.

You collected 149 gold pieces.

Inventory:

Hand Weapons
 a - a +0 spear (weapon)
Armour
 b - a +0 leather armour
 l - a +0 leather armour of cold resistance (worn)
Magical Staves
 k - an uncursed staff of summoning
Scrolls
 d - 2 scrolls of remove curse
 e - a scroll of identify
 f - a scroll of enchant armour
 g - 2 scrolls of noise
 h - a scroll of magic mapping {unknown}
 i - a scroll of amnesia
 j - a scroll of recharging
Books
 c - a book of Battle

   Spells                             Type                      Level
   a - Infusion                       Charms                       1
   b - Shroud of Golubria             Charms/Translocation         2
   c - Song of Slaying                Charms                       2
   d - Spectral Weapon                Hexes/Charms                 3
   e - Regeneration                   Charms/Necromancy            3


   Skills:
 - Level 2.0 Fighting
 + Level 5.2 Polearms
 - Level 0.7 Armour
 - Level 0.7 Dodging
 - Level 2.0 Spellcasting
 - Level 2.4 Charms


You had 3 spell levels left.
You knew the following spells:

 Your Spells              Type           Power        Failure   Level  Hunger
a - Infusion              Chrm           #...         14%         1    N/A
b - Shroud of Golubria    Chrm/Tloc      #.........   30%         2    N/A
c - Spectral Weapon       Hex/Chrm       #.......     65%         3    N/A

Dungeon Overview and Level Annotations

Branches:
Dungeon (6/15)
 Temple: D:4-7

Altars:
Ashenzari
Cheibriados
Dithmenos
Elyvilon
Fedhas
Makhleb
Okawaru
Qazlal
Ru
Vehumet
The Shining One

Shops:
D:4 !


Innate Abilities, Weirdness & Mutations

You do not eat or drink.
Your flesh is vulnerable to fire.
You are immune to poison.
Your flesh is cold resistant.
You are immune to negative energy.
You are immune to unholy pain and torment.
You can survive without breathing.


Message History

Press: ? - help, Dir - move target cursor, f/p - orc wizard
Aim: an orc wizard, wielding a dagger and wearing a robe (heavily wounded, fast)
You reach to attack!
You hit the orc wizard but do no damage.
The orc wizard is heavily wounded.
Your magical infusion is running out.
The orc wizard casts a spell at you. The magic dart hits you!
The orc priest looks braver for a moment.
The orc wizard miscasts a cantrip.
Read which item? (? for menu, Esc to quit)
Okay, then.
The orc wizard miscasts a cantrip.
The orc priest invokes the aid of Beogh against you.
Beogh smites you!
* * * LOW HITPOINT WARNING * * *
You see here a mace.
The orc wizard points at you and mumbles some strange words.
The puff of flame hits you! The fire burns you terribly!
You die...

#.###.## #####
#<.#.. ..# #.#
...# . .## #.#
#...# ..# #.# oo
#.# #.# o# #.# #.#
##.# #_# #%#
###..# #.###.#
###.).## #..#..#
##..@### ##...##
##..### ####.#
##..## .##..#
###..##
..#..####.>[#....#
#......##.#...####
## ##......#.#.###
... #.##.......#
... ##.####....##
.$.


You could see an orc priest and an orc wizard.

Vanquished Creatures
  A howler monkey (D:4)
  A centaur skeleton (D:5)
  2 worker ants (D:4)
  4 adders
  An ooze (D:4)
  3 worms (D:2)
  3 giant geckos
  8 orcs
  3 giant cockroaches
  7 goblins
  10 hobgoblins
  16 jackals
  3 quokkas
  10 bats
  5 giant newts
  7 kobolds
  7 rats
91 creatures vanquished.

Notes
Turn   | Place    | Note
--------------------------------------------------------------
     0 | D:1      | Alarkh the Mummy Skald began the quest for the Orb.
     0 | D:1      | Reached XP level 1. HP: 16/16 MP: 3/3
   123 | D:2      | Reached skill level 2 in Polearms
   147 | D:2      | Reached XP level 2. HP: 10/22 MP: 1/5
   388 | D:2      | Found an iron altar of Okawaru.
   437 | D:2      | Became a worshipper of Warmaster Okawaru
   449 | D:2      | Reached XP level 3. HP: 8/27 MP: 1/6
   554 | D:2      | Reached skill level 3 in Polearms
  1580 | D:2      | Reached XP level 4. HP: 33/33 MP: 5/7
  2062 | D:3      | Learned a level 2 spell: Shroud of Golubria
  2066 | D:3      | Learned a level 3 spell: Spectral Weapon
  2085 | D:3      | Found a blossoming altar of Fedhas.
  2088 | D:3      | Found a glowing golden altar of the Shining One.
  2088 | D:3      | Found a white marble altar of Elyvilon.
  2090 | D:3      | Found a sacrificial altar of Ru.
  2090 | D:3      | Found a burning altar of Makhleb.
  2109 | D:3      | Found a shattered altar of Ashenzari.
  2339 | D:3      | You fall through a shaft for 3 floors!
  2344 | D:5      | Entered Level 5 of the Dungeon
  2350 | D:5      | Reached skill level 4 in Polearms
  2552 | D:4      | Reached XP level 5. HP: 21/38 MP: 0/8
  2555 | D:4      | HP: 1/38 [iguana (9)]
  2905 | D:4      | Found a radiant altar of Vehumet.
  3091 | D:3      | Found a stormy altar of Qazlal.
  3092 | D:3      | Found a shadowy altar of Dithmenos.
  3187 | D:3      | Found a faded altar to an unknown god.
  3335 | D:4      | Found Niwufuf's Distillery.
  3360 | D:4      | Reached skill level 5 in Polearms
  3383 | D:4      | Found a snail-covered altar of Cheibriados.
  3539 | D:4      | Reached XP level 6. HP: 3/44 MP: 0/9
  3898 | D:4      | Killed from afar by an orc wizard

Skill      XL: |  1  2  3  4  5 |
---------------+----------------+-----
Polearms       | 2 3 4 5 |  5.2
Fighting       | |  2.0
Armour         | |  0.7
Dodging        | |  0.7
Spellcasting   | |  2.0
Charms         | |  2.4

Action                   |  1- 3 |  4- 6 || total
-------------------------+-------+-------++-------
Melee: Spear             |   197 |   220 ||   417
 Cast: Infusion          |    24 |    25 ||    49
       Shroud of Golubri |       |     1 ||     1
  Use: Scroll            |     1 |     6 ||     7
Armor: Leather armour    |    38 |    47 ||    85
Dodge: Dodged            |   107 |   118 ||   225
